Bruins vs RedWings

Created - Monday, February 15, 2016 at 01:59

Goals
1 2 3 T
Bruins 1 1 2 4
RedWings 0 1 0 1
Shots
1 2 3 T
Bruins 7 4 11 22
RedWings 4 3 9 16

1st period

1. Bruins , Alex Killorn 7 (Jeff Petry, Tommy Wingels) at 5:57 (PP)

Penalties :
Mark Pysyk (Det) for Hooking (Minor) at 0:31, Brenden Dillon (Bos) for Tripping (Minor) at 3:05, Steve Downie (Det) for Roughing (Minor) at 5:54, Eric Gryba (Det) for Roughing (Minor) at 8:24, Brenden Dillon (Bos) for Hooking (Minor) at 11:03, Anze Kopitar (Bos) for Holding (Minor) at 18:27

2nd period

2. Bruins , Brent Seabrook 5 (Anze Kopitar, Matt Duchene) at 9:19 (PP)
3. RedWings , Bryan Bickell 3 (Eric Gryba) at 18:06

Penalties :
Steve Downie (Det) for Interference (Minor) at 2:10, Matt Taormina (Det) for Interference (Minor) at 9:09, Jeff Petry (Bos) for Interference (Minor) at 11:06

3rd period

4. Bruins , Brent Seabrook 6 (Shea Weber, T.J. Oshie) at 12:39 (PP)
5. Bruins , Anton Lander 7 (Nick Holden, Matt Duchene) at 19:59

Penalties :
Matt Hendricks (Bos) for Hooking (Minor) at 1:52, Brenden Dillon (Bos) for Holding (Minor) at 4:25, Brenden Dillon (Bos) for High sticking (Minor) at 6:31, Steve Downie (Det) for High sticking (Minor) at 10:54, Ryan White (Det) for Hooking (Minor) at 14:41

Goalie Stats

Semyon Varlamov (Bos), 15 saves from 16 shots - (0.938), W, 19-18-3, 60:00 minutes
Ben Scrivens (Det), 18 saves from 22 shots - (0.818), L, 1-7-0, 60:00 minutes

Players Stats for Bruins

Player Name              G  A  P  +/- PIM S  H  SB GA TA FO     MP     PP MP  PK MP  
------------------------------------------------------------------------------------
Alex Killorn             1  0  1  -1  0   2  4  0  0  0  0/0    14:49   4:39   0:00 
Anton Lander             1  0  1   1  0   5  0  0  4  0  3/8    13:50   0:00   1:21 
Anze Kopitar             0  1  1   0  2   3  0  0  2  0  9/17   22:27   5:15   7:11 
Brenden Dillon           0  0  0   1  8   0  0  1  0  0  0/0    11:05   0:00   0:00 
Brent Seabrook           2  0  2   0  0   4  1  3  0  3  0/0    25:07   5:01   8:09 
Cody Eakin               0  0  0  -1  0   0  2  0  2  0  2/6    19:51   4:15   4:06 
Jeff Petry               0  1  1  -1  2   0  1  1  0  1  0/0    20:59   4:53   5:09 
Jim Slater               0  0  0   0  0   0  1  0  0  1  1/2     5:06   0:00   0:00 
Jiri Sekac               0  0  0   0  0   0  0  0  0  0  0/0     5:06   0:00   0:00 
Matt Duchene             0  2  2   1  0   0  1  0  0  0  1/2    17:29   5:15   4:06 
Matt Hendricks           0  0  0   0  2   0  2  1  0  1  2/2    15:18   0:00   2:01 
Mikkel Boedker           0  0  0   0  0   0  0  0  4  0  0/0    13:40   0:24   0:00 
Nate Guenin              0  0  0   0  0   0  0  0  0  0  0/0     2:58   0:00   0:00 
Nick Holden              0  1  1   1  0   0  0  0  0  1  0/0    11:17   0:00   0:35 
Paul Martin              0  0  0  -1  0   1  1  1  0  4  0/0    21:35   4:53   5:44 
Shea Weber               0  1  1   0  0   3  2  3  3  1  0/0    28:05   5:01   8:09 
T.J. Oshie               0  1  1   1  0   2  4  1  2  1  0/2    22:29   5:15   9:01 
Tommy Wingels            0  1  1  -1  0   2  2  0  1  0  1/1    14:49   4:39   0:00 

Players Stats for RedWings

Player Name              G  A  P  +/- PIM S  H  SB GA TA FO     MP     PP MP  PK MP  
------------------------------------------------------------------------------------
Andrew Shaw              0  0  0  -1  0   0  4  0  2  0  0/0    22:06   7:02   7:00 
Beau Bennett             0  0  0   0  0   1  0  0  1  0  1/1     7:24   0:00   0:00 
Bryan Bickell            1  0  1   1  0   3  3  0  3  0  0/0    15:03   6:51   0:00 
Chris VandeVelde         0  0  0   0  0   1  0  0  1  1  1/5    11:54   0:00   0:00 
Derek Forbort            0  0  0  -1  0   0  2  0  0  1  0/0    11:58   0:00   0:00 
Eric Gryba               0  1  1   1  2   1  3  3  1  3  0/0    24:28   7:33   6:38 
Frank Corrado            0  0  0   1  0   0  1  3  0  1  0/0    25:26   7:33   7:20 
Jamie McGinn             0  0  0   0  0   2  1  0  1  0  1/1    11:54   0:00   0:00 
Joe Colborne             0  0  0  -1  0   1  3  1  6  0  2/3    18:36   7:02   2:54 
Mark Letestu             0  0  0   1  0   0  0  2  0  1  6/10   18:36   6:51   2:54 
Mark Pysyk               0  0  0   0  2   0  0  3  0  0  0/0    22:56   6:20   2:34 
Matt Taormina            0  0  0  -1  2   0  0  0  0  0  0/0    12:57   0:00   0:42 
Mike Santorelli          0  0  0   1  0   2  0  0  3  1  0/1    15:03   6:51   0:00 
Olli Jokinen             0  0  0  -1  0   1  1  1  2  1  9/16   22:06   7:02   7:00 
Paul Postma              0  0  0   0  0   4  1  2  0  0  0/0    22:36   6:20   2:34 
Ryan White               0  0  0   0  2   0  0  1  0  0  1/3     7:23   0:00   0:00 
Steve Downie             0  0  0   0  6   0  2  0  2  0  0/0    12:09   0:00   0:00 
TJ Galiardi              0  0  0   0  0   0  2  0  0  0  0/0     7:24   0:00   0:00 

3 Stars

1 - Brent Seabrook (Bos)
2 - Bryan Bickell (Det)
3 - Matt Duchene (Bos)

Power Play

Bruins - 3 on 7 Attempt(s) - 42.86%
RedWings - 0 on 7 Attempt(s) - 0.00%

Penalty Kill

Bruins - 7 on 7 Attempt(s) - 100.00% - Score 0 goal in Penalty Kill
RedWings - 4 on 7 Attempt(s) - 57.14% - Score 0 goal in Penalty Kill

Team Stat

Bruins - Hits : 21 - Faceoff Wins : 19 - Blocked Shots : 11 - Penalty Minutes : 14
RedWings - Hits : 23 - Faceoff Wins : 21 - Blocked Shots : 16 - Penalty Minutes : 14

Official

Referees : Unknown
Linesman : Unknown

Game Notes

No Game Note

Finance

Level 1 -- Attendance: 3679 (61.32%) -- Ticket Income $367,900
Level 2 -- Attendance: 3279 (65.58%) -- Ticket Income $196,740
Level 3 -- Attendance: 1272 (63.60%) -- Ticket Income $44,520
Level 4 -- Attendance: 2658 (66.45%) -- Ticket Income $53,160
Luxury Box -- Attendance: 988 (98.80%) -- Ticket Income $167,960
Game was played at the Joe Louis Arena.
Total Attendance: 11876 (65.98%)
Total Ticket Income: $830,280
Other Income: $406,837
Total Income: $1,237,117

Bruins

5 vs 5 Forward 
   Center                   Left Wing                Right Wing               Time % Phy DF OF 
 1 Anze Kopitar             T.J. Oshie               Matt Duchene             35     1   2  2  
 2 Cody Eakin               Alex Killorn             Tommy Wingels            30     1   2  2  
 3 Anton Lander             Mikkel Boedker           Matt Hendricks           22     1   2  2  
 4 Jim Slater               Jiri Sekac               Anze Kopitar             13     1   2  2  

5 vs 5 Defense 
   Defense                  Defense                                           Time % Phy DF OF 
 1 Shea Weber               Brent Seabrook                                    35     1   2  2  
 2 Paul Martin              Jeff Petry                                        30     1   2  2  
 3 Brenden Dillon           Nick Holden                                       22     1   2  2  
 4 Nate Guenin              Shea Weber                                        13     1   2  2  

PowerPlay Forward 
   Center                   Left Wing                Right Wing               Time % Phy DF OF 
 1 Anze Kopitar             T.J. Oshie               Matt Duchene             60     1   2  2  
 2 Cody Eakin               Alex Killorn             Tommy Wingels            40     1   2  2  

PowerPlay Defense
   Defense                  Defense                                           Time % Phy DF OF 
 1 Shea Weber               Brent Seabrook                                    60     1   2  2  
 2 Paul Martin              Jeff Petry                                        40     1   2  2  

Penalty Kill 4 Players Forward 
   Center                   Wing                     Time % Phy DF OF 
 1 Anze Kopitar             T.J. Oshie               60     1   2  2  
 2 Matt Duchene             Cody Eakin               40     1   2  2  

Penalty Kill 4 Players Defense
   Defense                  Defense                  Time % Phy DF OF 
 1 Shea Weber               Brent Seabrook           60     1   2  2  
 2 Paul Martin              Jeff Petry               40     1   2  2  

Penalty Kill - 3 Players Forward 
   Forward                                           Time % Phy DF OF 
 1 Anze Kopitar                                      60     1   2  2  
 2 T.J. Oshie                                        40     1   2  2  

Penalty Kill - 3 Players Defense
   Defense                  Defense                  Time % Phy DF OF 
 1 Shea Weber               Brent Seabrook           60     1   2  2  
 2 Paul Martin              Jeff Petry               40     1   2  2  

4 vs 4 Forward 
   Center                   Wing                     Time % Phy DF OF 
 1 Anze Kopitar             T.J. Oshie               60     1   2  2  
 2 Matt Duchene             Cody Eakin               40     1   2  2  

4 vs 4 Defense
   Defense                  Defense                  Time % Phy DF OF 
 1 Shea Weber               Brent Seabrook           60     1   2  2  
 2 Paul Martin              Jeff Petry               40     1   2  2  

Last Minutes Offensive
   Center                   Left Wing                Right Wing               Defense                  Defense                  
   Anze Kopitar             T.J. Oshie               Matt Duchene             Shea Weber               Brent Seabrook           

Last Minutes Defensive
   Center                   Left Wing                Right Wing               Defense                  Defense                  
   Anze Kopitar             T.J. Oshie               Matt Duchene             Shea Weber               Brent Seabrook           

Goaltenders
Starting : Semyon Varlamov          
Backup : Cam Talbot               

Extra Forwards
Normal : Mikkel Boedker, Anton Lander, Matt Hendricks - PP : Mikkel Boedker, Anton Lander - PK : Matt Hendricks
Extra Defensemen
Normal : Brenden Dillon, Nick Holden, Shea Weber - PP : Brenden Dillon - PK : Nick Holden, Shea Weber
Penalty Shots
Anze Kopitar, T.J. Oshie, Matt Duchene, Cody Eakin, Alex Killorn

RedWings

5 vs 5 Forward 
   Center                   Left Wing                Right Wing               Time % Phy DF OF 
 1 Olli Jokinen             Joe Colborne             Andrew Shaw              35     1   2  2  
 2 Mark Letestu             Bryan Bickell            Mike Santorelli          30     1   2  2  
 3 Chris VandeVelde         Jamie McGinn             Steve Downie             22     1   2  2  
 4 Ryan White               TJ Galiardi              Beau Bennett             13     1   2  2  

5 vs 5 Defense 
   Defense                  Defense                                           Time % Phy DF OF 
 1 Eric Gryba               Frank Corrado                                     35     1   2  2  
 2 Paul Postma              Mark Pysyk                                        30     1   2  2  
 3 Derek Forbort            Matt Taormina                                     22     1   2  2  
 4 Eric Gryba               Frank Corrado                                     13     1   2  2  

PowerPlay Forward 
   Center                   Left Wing                Right Wing               Time % Phy DF OF 
 1 Olli Jokinen             Joe Colborne             Andrew Shaw              60     1   2  2  
 2 Mark Letestu             Bryan Bickell            Mike Santorelli          40     1   2  2  

PowerPlay Defense
   Defense                  Defense                                           Time % Phy DF OF 
 1 Eric Gryba               Frank Corrado                                     60     1   2  2  
 2 Paul Postma              Mark Pysyk                                        40     1   2  2  

Penalty Kill 4 Players Forward 
   Center                   Wing                     Time % Phy DF OF 
 1 Olli Jokinen             Andrew Shaw              60     1   2  2  
 2 Mark Letestu             Joe Colborne             40     1   2  2  

Penalty Kill 4 Players Defense
   Defense                  Defense                  Time % Phy DF OF 
 1 Eric Gryba               Frank Corrado            60     1   2  2  
 2 Paul Postma              Mark Pysyk               40     1   2  2  

Penalty Kill - 3 Players Forward 
   Forward                                           Time % Phy DF OF 
 1 Olli Jokinen                                      60     1   2  2  
 2 Andrew Shaw                                       40     1   2  2  

Penalty Kill - 3 Players Defense
   Defense                  Defense                  Time % Phy DF OF 
 1 Eric Gryba               Frank Corrado            60     1   2  2  
 2 Paul Postma              Mark Pysyk               40     1   2  2  

4 vs 4 Forward 
   Center                   Wing                     Time % Phy DF OF 
 1 Olli Jokinen             Andrew Shaw              60     1   2  2  
 2 Mark Letestu             Joe Colborne             40     1   2  2  

4 vs 4 Defense
   Defense                  Defense                  Time % Phy DF OF 
 1 Eric Gryba               Frank Corrado            60     1   2  2  
 2 Paul Postma              Mark Pysyk               40     1   2  2  

Last Minutes Offensive
   Center                   Left Wing                Right Wing               Defense                  Defense                  
   Olli Jokinen             Joe Colborne             Andrew Shaw              Eric Gryba               Frank Corrado            

Last Minutes Defensive
   Center                   Left Wing                Right Wing               Defense                  Defense                  
   Olli Jokinen             Joe Colborne             Andrew Shaw              Eric Gryba               Frank Corrado            

Goaltenders
Starting : Ben Scrivens             
Backup : Jonas Hiller             

Extra Forwards
Normal : Jamie McGinn, Chris VandeVelde, Steve Downie - PP : Jamie McGinn, Chris VandeVelde - PK : Steve Downie
Extra Defensemen
Normal : Derek Forbort, Matt Taormina, Paul Postma - PP : Derek Forbort - PK : Matt Taormina, Paul Postma
Penalty Shots
Olli Jokinen, Andrew Shaw, Mark Letestu, Joe Colborne, Bryan Bickell

% Time on Ice - Bruins

Lines # - Real PCT - Wanted PCT - Time Play
Normal Forward
1 - 21% - 35% - 7:41
2 - 32% - 30% - 11:30
3 - 33% - 22% - 11:56
4 - 14% - 13% - 5:06
Normal Defense
1 - 33% - 35% - 11:57
2 - 30% - 30% - 10:58
3 - 29% - 22% - 10:20
4 - 8% - 13% - 2:58
PP Forward
1 - 53% - 60% - 5:15
2 - 47% - 40% - 4:39
PP Defense
1 - 51% - 60% - 5:01
2 - 49% - 40% - 4:53
PK Forward
1 - 70% - 60% - 9:47
2 - 30% - 40% - 4:06
PK Defense
1 - 59% - 60% - 8:09
2 - 41% - 40% - 5:44
PK3 Forward
1 - 0% - 60%
2 - 0% - 40%
PK3 Defense
1 - 0% - 60%
2 - 0% - 40%
44 Forward
1 - 0% - 60%
2 - 0% - 40%
44 Defense
1 - 0% - 60%
2 - 0% - 40%
Last Minute Offensive  - 0:00
Last Minute Defensive  - 0:00
Total
Forward - 60:00
Defense - 60:00

% Time on Ice - RedWings

Lines # - Real PCT - Wanted PCT - Time Play
Normal Forward
1 - 22% - 35% - 8:04
2 - 24% - 30% - 8:51
3 - 33% - 22% - 11:54
4 - 20% - 13% - 7:24
Normal Defense
1 - 27% - 35% - 9:39
2 - 38% - 30% - 13:42
3 - 33% - 22% - 11:58
4 - 2% - 13% - 0:54
PP Forward
1 - 51% - 60% - 7:02
2 - 49% - 40% - 6:51
PP Defense
1 - 54% - 60% - 7:33
2 - 46% - 40% - 6:20
PK Forward
1 - 71% - 60% - 7:00
2 - 29% - 40% - 2:54
PK Defense
1 - 74% - 60% - 7:20
2 - 26% - 40% - 2:34
PK3 Forward
1 - 0% - 60%
2 - 0% - 40%
PK3 Defense
1 - 0% - 60%
2 - 0% - 40%
44 Forward
1 - 0% - 60%
2 - 0% - 40%
44 Defense
1 - 0% - 60%
2 - 0% - 40%
Last Minute Offensive  - 0:00
Last Minute Defensive  - 0:00
Total
Forward - 60:00
Defense - 60:00

Play by Play

1st period


0:01 of 1st period - Olli Jokinen wins face-off versus Anze Kopitar in neutral zone.
0:04 of 1st period - Slapshot by Eric Gryba.
0:04 of 1st period - Shot Misses the Net.
0:26 of 1st period - Snap shot by Anze Kopitar.
0:26 of 1st period - Stopped by Ben Scrivens with a rebound.
0:28 of 1st period - Wrist shot by Shea Weber.
0:28 of 1st period - Deflect By T.J. Oshie.
0:28 of 1st period - Shot Blocked by Joe Colborne.
0:28 of 1st period - Puck is out of play.
0:29 of 1st period - Mark Letestu wins face-off versus Cody Eakin in RedWings zone.
0:31 of 1st period - Minor Penalty to Mark Pysyk for Hooking.
0:32 of 1st period - Olli Jokinen wins face-off versus Anze Kopitar in RedWings zone.
0:42 of 1st period - Snap shot by Brent Seabrook.
0:42 of 1st period - Deflect By Anze Kopitar.
0:42 of 1st period - Stopped by Ben Scrivens with a rebound.
2:31 of 1st period - Penalty to Mark Pysyk is over, Mark Pysyk is back on ice.
3:05 of 1st period - Minor Penalty to Brenden Dillon for Tripping.
3:06 of 1st period - Anze Kopitar wins face-off versus Mark Letestu in Bruins zone.
3:19 of 1st period - Snap shot by Mike Santorelli.
3:19 of 1st period - Shot Blocked by Brent Seabrook.
3:21 of 1st period - Slapshot by Paul Postma.
3:21 of 1st period - Shot Misses the Net.
4:44 of 1st period - Joe Colborne is hit by Shea Weber and loses puck.
5:05 of 1st period - Penalty to Brenden Dillon is over, Brenden Dillon is back on ice.
5:06 of 1st period - Icing by Bryan Bickell.
5:07 of 1st period - Mark Letestu wins face-off versus Anton Lander in RedWings zone.
5:07 of 1st period - Mark Letestu is hit by Jeff Petry.
5:43 of 1st period - Snap shot by Anton Lander.
5:43 of 1st period - Shot Misses the Net.
5:54 of 1st period - Minor Penalty to Steve Downie for Roughing.
5:55 of 1st period - Cody Eakin wins face-off versus Olli Jokinen in RedWings zone.
5:55 of 1st period - Slapshot by Alex Killorn.
5:55 of 1st period - Deflect By Tommy Wingels.
5:55 of 1st period - Stopped by Ben Scrivens with a rebound.
5:57 of 1st period - Slapshot by Jeff Petry.
5:57 of 1st period - Deflect By Alex Killorn.
5:57 of 1st period - Goal by Alex Killorn - Bruins : 1 - RedWings : 0.
5:58 of 1st period - Ryan White wins face-off versus Cody Eakin in neutral zone.
6:19 of 1st period - Wrist shot by Tommy Wingels.
6:19 of 1st period - Stopped by Ben Scrivens without a rebound.
6:20 of 1st period - Anze Kopitar wins face-off versus Chris VandeVelde in RedWings zone.
6:47 of 1st period - Snap shot by Jamie McGinn.
6:47 of 1st period - Shot Misses the Net.
6:49 of 1st period - Snap shot by Chris VandeVelde.
6:49 of 1st period - Stopped by Semyon Varlamov with a rebound.
6:51 of 1st period - Wrist shot by Chris VandeVelde.
6:51 of 1st period - Shot Blocked by T.J. Oshie.
6:53 of 1st period - Slapshot by Paul Postma.
6:53 of 1st period - Stopped by Semyon Varlamov with a rebound.
7:45 of 1st period - Mark Letestu is hit by Alex Killorn and loses puck.
8:24 of 1st period - Minor Penalty to Eric Gryba for Roughing.
8:25 of 1st period - Olli Jokinen wins face-off versus Matt Duchene in RedWings zone.
8:31 of 1st period - Slapshot by Paul Postma.
8:31 of 1st period - Stopped by Semyon Varlamov with a rebound.
9:13 of 1st period - Mark Letestu is hit by Alex Killorn and loses puck.
10:24 of 1st period - Penalty to Eric Gryba is over, Eric Gryba is back on ice.
10:39 of 1st period - Nick Holden is hit by TJ Galiardi and loses puck.
11:03 of 1st period - Minor Penalty to Brenden Dillon for Hooking.
11:04 of 1st period - Anze Kopitar wins face-off versus Mark Letestu in Bruins zone.
12:07 of 1st period - Bryan Bickell is hit by Cody Eakin.
12:33 of 1st period - Anze Kopitar is hit by Eric Gryba and loses puck.
12:56 of 1st period - Slapshot by Anton Lander.
12:56 of 1st period - Stopped by Ben Scrivens with a rebound.
13:03 of 1st period - Penalty to Brenden Dillon is over, Brenden Dillon is back on ice.
13:18 of 1st period - Slapshot by Anton Lander.
13:18 of 1st period - Stopped by Ben Scrivens without a rebound.
13:19 of 1st period - Tommy Wingels wins face-off versus Chris VandeVelde in RedWings zone.
14:16 of 1st period - TJ Galiardi is hit by Matt Hendricks and loses puck.
16:59 of 1st period - Wrist shot by Jamie McGinn.
16:59 of 1st period - Stopped by Semyon Varlamov with a rebound.
17:01 of 1st period - Slapshot by Chris VandeVelde.
17:01 of 1st period - Shot Misses the Net.
17:45 of 1st period - Nate Guenin is hit by Olli Jokinen.
18:27 of 1st period - Minor Penalty to Anze Kopitar for Holding.
18:28 of 1st period - Matt Hendricks wins face-off versus Mark Letestu in Bruins zone.
18:56 of 1st period - Paul Martin is hit by Eric Gryba and loses puck.
19:11 of 1st period - Joe Colborne is hit by Paul Martin and loses puck.
19:57 of 1st period - Mike Santorelli is hit by Matt Duchene and loses puck.
Goals for this period are 1 for Bruins vs 0 for RedWings.
Shots for this period are 7 for Bruins vs 4 for RedWings.

2nd period


0:01 of 2nd period - Olli Jokinen wins face-off versus T.J. Oshie in neutral zone.
0:04 of 2nd period - Slapshot by Joe Colborne.
0:04 of 2nd period - Shot Misses the Net.
0:22 of 2nd period - Snap shot by T.J. Oshie.
0:22 of 2nd period - Shot Misses the Net.
0:24 of 2nd period - Wrist shot by Matt Hendricks.
0:24 of 2nd period - Deflect By T.J. Oshie.
0:24 of 2nd period - Shot Blocked by Eric Gryba.
0:24 of 2nd period - Puck is out of play.
0:25 of 2nd period - Matt Hendricks wins face-off versus Mark Letestu in RedWings zone.
0:27 of 2nd period - Penalty to Anze Kopitar is over, Anze Kopitar is back on ice.
0:48 of 2nd period - Anze Kopitar is hit by Frank Corrado.
1:20 of 2nd period - Olli Jokinen is hit by Alex Killorn and loses puck.
2:10 of 2nd period - Minor Penalty to Steve Downie for Interference.
2:11 of 2nd period - Anze Kopitar wins face-off versus Olli Jokinen in RedWings zone.
2:57 of 2nd period - Paul Postma is hit by Tommy Wingels and loses puck.
3:04 of 2nd period - Paul Postma is hit by Shea Weber and loses puck.
3:27 of 2nd period - Slapshot by Anze Kopitar.
3:27 of 2nd period - Shot Misses the Net.
4:03 of 2nd period - Snap shot by Frank Corrado.
4:03 of 2nd period - Shot Misses the Net.
4:10 of 2nd period - Penalty to Steve Downie is over, Steve Downie is back on ice.
4:18 of 2nd period - Anze Kopitar is hit by Joe Colborne.
5:07 of 2nd period - Derek Forbort is hit by Matt Hendricks.
5:23 of 2nd period - Jiri Sekac is hit by Steve Downie and loses puck.
5:54 of 2nd period - Paul Martin is hit by Steve Downie and loses puck.
7:00 of 2nd period - Alex Killorn is hit by TJ Galiardi and loses puck.
7:26 of 2nd period - Anton Lander is hit by Eric Gryba and loses puck.
9:09 of 2nd period - Minor Penalty to Matt Taormina for Interference.
9:10 of 2nd period - Anze Kopitar wins face-off versus Olli Jokinen in RedWings zone.
9:15 of 2nd period - Snap shot by Anze Kopitar.
9:15 of 2nd period - Stopped by Ben Scrivens with a rebound.
9:17 of 2nd period - Slapshot by Brent Seabrook.
9:17 of 2nd period - Deflect By Andrew Shaw.
9:17 of 2nd period - Stopped by Ben Scrivens with a rebound.
9:19 of 2nd period - Wrist shot by Brent Seabrook.
9:19 of 2nd period - Deflect By Andrew Shaw.
9:19 of 2nd period - Goal by Brent Seabrook - Bruins : 2 - RedWings : 0.
9:20 of 2nd period - Chris VandeVelde wins face-off versus Anton Lander in neutral zone.
10:23 of 2nd period - Mark Letestu is hit by Tommy Wingels and loses puck.
10:38 of 2nd period - Slapshot by Mike Santorelli.
10:38 of 2nd period - Deflect By Bryan Bickell.
10:38 of 2nd period - Stopped by Semyon Varlamov with a rebound.
10:40 of 2nd period - Slapshot by Eric Gryba.
10:40 of 2nd period - Stopped by Semyon Varlamov with a rebound.
10:42 of 2nd period - Wrist shot by Mike Santorelli.
10:42 of 2nd period - Deflect By Mark Letestu.
10:42 of 2nd period - Shot Misses the Net.
10:42 of 2nd period - Puck is out of play.
10:43 of 2nd period - Joe Colborne wins face-off versus Jim Slater in Bruins zone.
10:52 of 2nd period - Snap shot by Andrew Shaw.
10:52 of 2nd period - Shot Misses the Net.
10:54 of 2nd period - Slapshot by Matt Taormina.
10:54 of 2nd period - Shot Blocked by Paul Martin.
10:56 of 2nd period - Wrist shot by Olli Jokinen.
10:56 of 2nd period - Deflect By Andrew Shaw.
10:56 of 2nd period - Shot Misses the Net.
10:56 of 2nd period - Puck is out of play.
10:57 of 2nd period - Olli Jokinen wins face-off versus Anton Lander in Bruins zone.
11:04 of 2nd period - Wrist shot by Andrew Shaw.
11:04 of 2nd period - Shot Misses the Net.
11:06 of 2nd period - Minor Penalty to Jeff Petry for Interference.
11:07 of 2nd period - Olli Jokinen wins face-off versus Anze Kopitar in Bruins zone.
11:08 of 2nd period - Wrist shot by Andrew Shaw.
11:08 of 2nd period - Shot Blocked by Brent Seabrook.
11:20 of 2nd period - Backhand shot by Shea Weber.
11:20 of 2nd period - Shot Misses the Net.
11:22 of 2nd period - Snap shot by Brent Seabrook.
11:22 of 2nd period - Stopped by Ben Scrivens without a rebound.
11:23 of 2nd period - Joe Colborne wins face-off versus Anze Kopitar in RedWings zone.
11:32 of 2nd period - Snap shot by Andrew Shaw.
11:32 of 2nd period - Shot Misses the Net.
12:10 of 2nd period - Shea Weber is hit by Bryan Bickell and loses puck.
12:30 of 2nd period - Icing by Mark Pysyk.
12:31 of 2nd period - Mark Letestu wins face-off versus Anze Kopitar in RedWings zone.
12:36 of 2nd period - Nick Holden is hit by Bryan Bickell and loses puck.
12:47 of 2nd period - Mark Pysyk is hit by T.J. Oshie and loses puck.
13:06 of 2nd period - Penalty to Jeff Petry is over, Jeff Petry is back on ice.
13:17 of 2nd period - Cody Eakin is hit by Andrew Shaw and loses puck.
13:27 of 2nd period - Off-side.
13:28 of 2nd period - Anton Lander wins face-off versus Chris VandeVelde in neutral zone.
14:54 of 2nd period - Snap shot by Jim Slater.
14:54 of 2nd period - Shot Hit the Post.
14:56 of 2nd period - Snap shot by Brenden Dillon.
14:56 of 2nd period - Shot Blocked by Frank Corrado.
16:04 of 2nd period - Wrist shot by Olli Jokinen.
16:04 of 2nd period - Deflect By Joe Colborne.
16:04 of 2nd period - Shot Blocked by Shea Weber.
16:04 of 2nd period - Puck is out of play.
16:05 of 2nd period - Mark Letestu wins face-off versus Cody Eakin in Bruins zone.
16:06 of 2nd period - Wrist shot by Bryan Bickell.
16:06 of 2nd period - Shot Misses the Net.
16:32 of 2nd period - Wrist shot by Bryan Bickell.
16:32 of 2nd period - Shot Misses the Net.
17:27 of 2nd period - Anton Lander is hit by Jamie McGinn and loses puck.
17:40 of 2nd period - Backhand shot by Mikkel Boedker.
17:40 of 2nd period - Shot Misses the Net.
17:42 of 2nd period - Slapshot by Shea Weber.
17:42 of 2nd period - Shot Misses the Net.
17:44 of 2nd period - Snap shot by Matt Hendricks.
17:44 of 2nd period - Shot Blocked by Paul Postma.
17:46 of 2nd period - Slapshot by Shea Weber.
17:46 of 2nd period - Shot Blocked by Mark Pysyk.
17:48 of 2nd period - Slapshot by Mikkel Boedker.
17:48 of 2nd period - Shot Misses the Net.
18:06 of 2nd period - Wrist shot by Bryan Bickell.
18:06 of 2nd period - Goal by Bryan Bickell - Bruins : 2 - RedWings : 1.
18:07 of 2nd period - Anton Lander wins face-off versus Mike Santorelli in neutral zone.
19:55 of 2nd period - Jeff Petry is hit by Derek Forbort.
Goals for this period are 1 for Bruins vs 1 for RedWings.
Shots for this period are 4 for Bruins vs 3 for RedWings.

3rd period


0:01 of 3rd period - Olli Jokinen wins face-off versus Anze Kopitar in neutral zone.
0:14 of 3rd period - Snap shot by Andrew Shaw.
0:14 of 3rd period - Shot Blocked by Jeff Petry.
0:52 of 3rd period - Eric Gryba is hit by Alex Killorn and loses puck.
1:09 of 3rd period - Snap shot by Alex Killorn.
1:09 of 3rd period - Stopped by Ben Scrivens with a rebound.
1:11 of 3rd period - Slapshot by Brent Seabrook.
1:11 of 3rd period - Deflect By Cody Eakin.
1:11 of 3rd period - Shot Blocked by Mark Pysyk.
1:11 of 3rd period - Puck is out of play.
1:12 of 3rd period - Jamie McGinn wins face-off versus Anton Lander in RedWings zone.
1:52 of 3rd period - Minor Penalty to Matt Hendricks for Hooking.
1:53 of 3rd period - Anze Kopitar wins face-off versus Olli Jokinen in Bruins zone.
1:53 of 3rd period - Anze Kopitar is hit by Andrew Shaw.
2:29 of 3rd period - Snap shot by Anze Kopitar.
2:29 of 3rd period - Deflect By T.J. Oshie.
2:29 of 3rd period - Stopped by Ben Scrivens without a rebound.
2:30 of 3rd period - Mark Letestu wins face-off versus Anze Kopitar in RedWings zone.
2:30 of 3rd period - Mark Letestu is hit by Brent Seabrook.
2:52 of 3rd period - Slapshot by Shea Weber.
2:52 of 3rd period - Stopped by Ben Scrivens with a rebound.
2:54 of 3rd period - Snap shot by Shea Weber.
2:54 of 3rd period - Stopped by Ben Scrivens without a rebound.
2:55 of 3rd period - Anze Kopitar wins face-off versus Olli Jokinen in RedWings zone.
3:19 of 3rd period - Wrist shot by Olli Jokinen.
3:19 of 3rd period - Shot Blocked by Shea Weber.
3:31 of 3rd period - Eric Gryba is hit by T.J. Oshie and loses puck.
3:52 of 3rd period - Penalty to Matt Hendricks is over, Matt Hendricks is back on ice.
4:18 of 3rd period - Wrist shot by Jamie McGinn.
4:18 of 3rd period - Shot Misses the Net.
4:20 of 3rd period - Slapshot by Chris VandeVelde.
4:20 of 3rd period - Shot Misses the Net.
4:22 of 3rd period - Slapshot by Paul Postma.
4:22 of 3rd period - Stopped by Semyon Varlamov without a rebound.
4:23 of 3rd period - Cody Eakin wins face-off versus Ryan White in Bruins zone.
4:25 of 3rd period - Minor Penalty to Brenden Dillon for Holding.
4:26 of 3rd period - Anze Kopitar wins face-off versus Joe Colborne in Bruins zone.
4:26 of 3rd period - Anze Kopitar is hit by Joe Colborne.
5:32 of 3rd period - Paul Martin is hit by Paul Postma and loses puck.
5:59 of 3rd period - Matt Duchene is hit by Joe Colborne and loses puck.
6:25 of 3rd period - Penalty to Brenden Dillon is over, Brenden Dillon is back on ice.
6:28 of 3rd period - Snap shot by Bryan Bickell.
6:28 of 3rd period - Stopped by Semyon Varlamov without a rebound.
6:29 of 3rd period - Mark Letestu wins face-off versus Anton Lander in Bruins zone.
6:30 of 3rd period - Snap shot by Bryan Bickell.
6:30 of 3rd period - Deflect By Mike Santorelli.
6:30 of 3rd period - Stopped by Semyon Varlamov with a rebound.
6:31 of 3rd period - Minor Penalty to Brenden Dillon for High sticking.
6:32 of 3rd period - Anze Kopitar wins face-off versus Olli Jokinen in Bruins zone.
7:15 of 3rd period - Jeff Petry is hit by Bryan Bickell and loses puck.
7:31 of 3rd period - Off-side.
7:32 of 3rd period - Matt Duchene wins face-off versus Olli Jokinen in neutral zone.
7:37 of 3rd period - Olli Jokinen is hit by Cody Eakin and loses puck.
7:54 of 3rd period - Snap shot by Mike Santorelli.
7:54 of 3rd period - Shot Blocked by Brent Seabrook.
8:18 of 3rd period - Wrist shot by Olli Jokinen.
8:18 of 3rd period - Stopped by Semyon Varlamov with a rebound.
8:31 of 3rd period - Penalty to Brenden Dillon is over, Brenden Dillon is back on ice.
8:36 of 3rd period - Slapshot by Mike Santorelli.
8:36 of 3rd period - Stopped by Semyon Varlamov with a rebound.
8:42 of 3rd period - Slapshot by Bryan Bickell.
8:42 of 3rd period - Shot Misses the Net.
8:44 of 3rd period - Snap shot by Mike Santorelli.
8:44 of 3rd period - Shot Misses the Net.
8:46 of 3rd period - Slapshot by Derek Forbort.
8:46 of 3rd period - Shot Blocked by Shea Weber.
9:35 of 3rd period - Wrist shot by Mikkel Boedker.
9:35 of 3rd period - Deflect By Anton Lander.
9:35 of 3rd period - Stopped by Ben Scrivens without a rebound.
9:36 of 3rd period - Jim Slater wins face-off versus Ryan White in RedWings zone.
9:47 of 3rd period - Snap shot by Jiri Sekac.
9:47 of 3rd period - Shot Blocked by Mark Pysyk.
10:07 of 3rd period - Snap shot by Beau Bennett.
10:07 of 3rd period - Stopped by Semyon Varlamov with a rebound.
10:54 of 3rd period - Minor Penalty to Steve Downie for High sticking.
10:55 of 3rd period - Olli Jokinen wins face-off versus T.J. Oshie in RedWings zone.
11:03 of 3rd period - Snap shot by T.J. Oshie.
11:03 of 3rd period - Stopped by Ben Scrivens with a rebound.
11:05 of 3rd period - Slapshot by Shea Weber.
11:05 of 3rd period - Shot Blocked by Eric Gryba.
11:48 of 3rd period - Anze Kopitar is hit by Andrew Shaw and loses puck.
11:55 of 3rd period - Olli Jokinen is hit by T.J. Oshie.
12:13 of 3rd period - Backhand shot by Mikkel Boedker.
12:13 of 3rd period - Shot Blocked by Frank Corrado.
12:15 of 3rd period - Slapshot by Paul Martin.
12:15 of 3rd period - Shot Misses the Net.
12:17 of 3rd period - Slapshot by Paul Martin.
12:17 of 3rd period - Deflect By Eric Gryba.
12:17 of 3rd period - Stopped by Ben Scrivens with a rebound.
12:19 of 3rd period - Slapshot by Paul Martin.
12:19 of 3rd period - Shot Misses the Net.
12:21 of 3rd period - Snap shot by Mikkel Boedker.
12:21 of 3rd period - Shot Misses the Net.
12:33 of 3rd period - Snap shot by T.J. Oshie.
12:33 of 3rd period - Shot Blocked by Mark Letestu.
12:35 of 3rd period - Slapshot by Brent Seabrook.
12:35 of 3rd period - Shot Blocked by Eric Gryba.
12:37 of 3rd period - Snap shot by Shea Weber.
12:37 of 3rd period - Stopped by Ben Scrivens with a rebound.
12:39 of 3rd period - Slapshot by Brent Seabrook.
12:39 of 3rd period - Goal by Brent Seabrook - Bruins : 3 - RedWings : 1.
12:40 of 3rd period - Anton Lander wins face-off versus Chris VandeVelde in neutral zone.
12:48 of 3rd period - Snap shot by Steve Downie.
12:48 of 3rd period - Shot Blocked by Brenden Dillon.
12:50 of 3rd period - Snap shot by Jamie McGinn.
12:50 of 3rd period - Stopped by Semyon Varlamov with a rebound.
12:52 of 3rd period - Slapshot by Paul Postma.
12:52 of 3rd period - Stopped by Semyon Varlamov with a rebound.
12:54 of 3rd period - Snap shot by Paul Postma.
12:54 of 3rd period - Shot Misses the Net.
12:56 of 3rd period - Wrist shot by Steve Downie.
12:56 of 3rd period - Shot Blocked by Matt Hendricks.
13:06 of 3rd period - Snap shot by Mikkel Boedker.
13:06 of 3rd period - Shot Blocked by Paul Postma.
14:10 of 3rd period - Wrist shot by Alex Killorn.
14:10 of 3rd period - Shot Blocked by Ryan White.
14:12 of 3rd period - Slapshot by Shea Weber.
14:12 of 3rd period - Deflect By Cody Eakin.
14:12 of 3rd period - Shot Misses the Net.
14:12 of 3rd period - Puck is out of play.
14:13 of 3rd period - Beau Bennett wins face-off versus Anze Kopitar in RedWings zone.
14:41 of 3rd period - Minor Penalty to Ryan White for Hooking.
14:42 of 3rd period - Olli Jokinen wins face-off versus Cody Eakin in RedWings zone.
16:04 of 3rd period - Snap shot by Alex Killorn.
16:04 of 3rd period - Shot Misses the Net.
16:06 of 3rd period - Slapshot by Cody Eakin.
16:06 of 3rd period - Shot Blocked by Frank Corrado.
16:24 of 3rd period - Snap shot by Joe Colborne.
16:24 of 3rd period - Stopped by Semyon Varlamov with a rebound.
16:32 of 3rd period - Paul Postma is hit by T.J. Oshie and loses puck.
16:41 of 3rd period - Penalty to Ryan White is over, Ryan White is back on ice.
17:59 of 3rd period - Mark Letestu is hit by Jim Slater and loses puck.
18:04 of 3rd period - Snap shot by Jiri Sekac.
18:04 of 3rd period - Shot Blocked by Mark Letestu.
18:20 of 3rd period - Snap shot by Matt Duchene.
18:20 of 3rd period - Shot Misses the Net.
18:44 of 3rd period - Shea Weber is hit by Derek Forbort and loses puck.
19:30 of 3rd period - Jeff Petry is hit by Andrew Shaw and loses puck.
19:55 of 3rd period - Wrist shot by Anton Lander.
19:55 of 3rd period - Stopped by Ben Scrivens with a rebound.
19:57 of 3rd period - Snap shot by Nick Holden.
19:57 of 3rd period - Shot Blocked by Olli Jokinen.
19:59 of 3rd period - Slapshot by Anton Lander.
19:59 of 3rd period - Goal by Anton Lander - Bruins : 4 - RedWings : 1.
Goals for this period are 2 for Bruins vs 0 for RedWings.
Shots for this period are 11 for Bruins vs 9 for RedWings.